 Dungeon Crawl Stone Soup version 0.18-a0-1041-gbe91bf5 (webtiles) character file.

371625 Scytalen the Phalangite (level 22, -12/163 HPs)
             Began as a Merfolk Gladiator on Jan 9, 2016.
             Was a High Priest of Okawaru.
             Mangled by a juggernaut (49 damage)
             ... on level 2 of the Depths on Jan 10, 2016.
             The game lasted 04:55:09 (64344 turns).

Scytalen the Phalangite (Merfolk Gladiator)        Turns: 64344, Time: 04:55:10

Health: -12/163    AC: 38    Str: 15    XL:     22   Next: 68%
Magic:  27/37      EV: 24    Int: 11    God:    Okawaru [*****.]
Gold:   4089       SH:  0    Dex: 18    Spells: 4 memorised, 3 levels left

rFire  + + .     SeeInvis .     a - +9 bardiche (freeze)
rCold  x . .     Gourm    .     Y - +8 fire dragon armour of Supple Strength {rF++ rC- MP+9 Str-3 Slay+3}
rNeg   . . .     Faith    .     (shield currently unavailable)
rPois  .         Spirit   .     E - +0 helmet (curse)
rElec  .         Dismiss  .     K - +0 cloak (curse)
rCorr  .         Reflect  .     g - +0 pair of gloves
SustAt .         Harm     .     D - +2 pair of boots {run}
MR     ++...                    c - amulet of regeneration
Stlth  +.........               l - +5 ring of protection
                                o - ring of protection from magic

@: heroism, finesse, very slightly contaminated, hasted, very quick, very
resistant to hostile enchantments, very unstealthy
A: change form in water, swift swim, yellow scales 1, sense surroundings 1,
MP-powered wands
a: Heroism, Finesse, Renounce Religion
}: 2/15 runes: barnacled, gossamer


You were on level 2 of the Depths.
You worshipped Okawaru.
Okawaru was extremely pleased with you.
You were not hungry.

You visited 7 branches of the dungeon, and saw 39 of its levels.
You also visited: Trove and Wizlab.

You collected 4909 gold pieces.
You spent 820 gold pieces at shops.

Inventory:

Hand Weapons
 a - a +9 bardiche of freezing (weapon)
 b - the +8 glaive "Miod" {pain, rC+ MR+ Dex+5}
   (Okawaru gifted it to you on level 14 of the Dungeon)

   In the hands of one skilled in necromantic magic, it inflicts extra damage on
   living creatures.
   It affects your dexterity (+5).
   It protects you from cold.
   It affects your resistance to hostile enchantments.
 p - a +0 blowgun
Missiles
 e - 19 javelins (quivered)
 i - 12 curare-tipped needles
 T - 18 javelins of penetration
 W - 10 throwing nets
Armour
 g - a +0 pair of gloves (worn)
 D - a +2 pair of boots of running (worn)
 E - a cursed +0 helmet (worn)
 K - a cursed +0 cloak (worn)
 Y - the +8 fire dragon armour of Supple Strength (worn) {rF++ rC- MP+9 Str-3 Slay+3}
   (You acquired it on level 6 of the Lair of Beasts)

   It affects your strength (-3).
   It affects your accuracy and damage with ranged weapons and melee attacks
   (+3).
   It greatly protects you from fire.
   It makes you vulnerable to cold.
   It affects your magic capacity (+9).
Jewellery
 c - an amulet of regeneration (around neck)
 k - an uncursed ring of see invisible
 l - a +5 ring of protection (right hand)
 o - a ring of protection from magic (left hand)
 x - an uncursed ring of ice
 J - an uncursed ring of ice
 P - an uncursed ring of poison resistance
Wands
 n - a wand of lightning (3/15)
 F - a wand of teleportation (4/9)
 H - a wand of disintegration (10/24)
 M - a wand of digging (5/24)
 X - a wand of draining (4/15)
Scrolls
 h - 24 scrolls of remove curse
 j - 6 scrolls of blinking
 t - a scroll of magic mapping
 w - 6 scrolls of fear
 y - 4 scrolls of fog
 C - 8 scrolls of amnesia
 G - 9 scrolls of teleportation
 I - 2 scrolls of silence
 L - a scroll of acquirement
 N - 5 scrolls of identify
 U - 6 scrolls of summoning
Potions
 d - 7 potions of brilliance
 m - 7 potions of curing
 q - 3 potions of haste
 r - 2 potions of berserk rage
 u - 5 potions of heal wounds
 v - 8 potions of might
 A - 2 potions of resistance
Books
 s - a book of Dreams

   Spells                             Type                      Level
   a - Ensorcelled Hibernation        Hexes/Ice                    2
   b - Phase Shift                    Translocation                5
   c - Silence                        Hexes/Air                    5
   d - Darkness                       Hexes                        6
   e - Mass Confusion                 Hexes                        6
   f - Shadow Creatures               Summoning                    6
Miscellaneous
 Z - a disc of storms
Comestibles
 f - 21 bread rations
 z - a meat ration


   Skills:
 - Level 11.0(16.0) Fighting
 - Level 23.3(27) Polearms
 - Level 2.0(7.0) Throwing
 - Level 11.8(16.8) Armour
 - Level 17.9(22.9) Dodging
   Level 4.3(9.3) Shields
 + Level 18.6 Charms
 - Level 12.0 Translocations
 + Level 14.6 Air Magic
 - Level 9.1 Invocations


You had 3 spell levels left.
You knew the following spells:

 Your Spells              Type           Power        Failure   Level  Hunger
a - Deflect Missiles      Chrm/Air       #####.....   17%         6    #######
b - Blink                 Tloc           N/A          1%          2    ###....
c - Passage of Golubria   Tloc           N/A          10%         4    #####..
d - Haste                 Chrm           #####...     10%         6    #######


Dungeon Overview and Level Annotations

Branches:
Dungeon (15/15)            Temple (0/1) D:7            Lair (8/8) D:10
 Shoals (4/4) Lair:5       Spider (4/4) Lair:3        Slime (0/6) Lair:7
    Orc (2/2) D:11            Elf (0/3) Orc:2        Vaults (4/5) D:14
  Crypt (0/3) Vaults:3     Depths (2/5) D:15

Altars:
Fedhas
Gozag
Kikubaaqudgha
Makhleb
Okawaru
Pakellas
Qazlal
Ru
Sif Muna
Vehumet
Xom
Yredelemnul
Zin
The Shining One
Beogh

Shops:
D:9 ?   Orc:2 [=*(   Shoals:4 ?   Depths:1 :

Portals:
Hell: Depths:1 Depths:2
Abyss: Depths:1
Pandemonium: Depths:2
Ziggurat: Depths:1

Annotations:
D:4 1 runed door


Innate Abilities, Weirdness & Mutations

You revert to your normal form in water.
You are very nimble and swift while swimming.
You are partially covered in yellow scales (AC +2).
You passively map a small area around you.
You expend magic power (3 MP) to strengthen your wands.


Message History

You feel yourself speed up.
The spriggan berserker hits you with an antimagic flail!
* * * LOW HITPOINT WARNING * * *
You feel your power leaking away.
The soul eater draws from the surrounding life force!
* * * LOW HITPOINT WARNING * * *
The soul eater is healed.
You are very lightly contaminated with residual magic.
You take 19 damage, and have 36/163 hp.
You now have 26/37 mp.
You slash the soul eater!
The soul eater is severely wounded.
You slice the soul eater!! You freeze the soul eater.
You kill the soul eater!
The spriggan berserker hits you but does no damage.
You slice the juggernaut!! You freeze the juggernaut.
The juggernaut is lightly wounded.
You slice the juggernaut!! You freeze the juggernaut.
The juggernaut is moderately wounded.
The juggernaut hits you!!!
You die...

* * , * ### #.## ,, *
############ #..## .
###8#8#88#8#8###.8.#####
..#..............#.......#
,
(.'.).....i...)).'....)<.#
,
(.'......2C@..)..'.....††#
,
.#..............#...⌠.).##
,###8#8#88#8#8###........##
, #*########## #.>.....8.#
, #.......... *,,
#####''#### , * ##....## '
#8....8# ##....##


You could see a juggernaut, a reaper and a spriggan berserker.

Vanquished Creatures
  Margery (Vaults:2)
  Frederick (Vaults:3)
  Arachne (Spider:3)
  A lich (Depths:2)
  Jorgrun (Vaults:3)
  A Hellbinder (WizLab)
  Rupert (Lair:8)
  A kraken (Shoals:2)
  Frances (D:14)
  Agnes (Spider:3)
  2 storm dragons
  The ghost of CipHuK the Bludgeoner, an adept DrFi of Okawaru (Spider:4)
  A revenant (Vaults:3)
  Roxanne (Spider:4)
  The ghost of aspa the Sorcerer, an adept OpWz of Sif Muna (Shoals:3)
  Kirke (D:15)
  Ilsuiw (Shoals:4)
  3 frost giants
  3 fire giants
  An angel (Depths:1)
  An iron dragon (Depths:2)
  Maud (D:12)
  10 vault wardens
  A deep elf sorcerer (Vaults:4)
  A ghost moth (Spider:4)
  Louise (Shoals:2)
  Aizul (Spider:2)
  11 emperor scorpions
  3 orc warlords
  10 ironheart preservers
  6 stone giants
  5 very ugly things
  4 cacodemons (WizLab)
  A vampire knight (Depths:2)
  A deep elf demonologist (Depths:2)
  A salamander stormcaller (Depths:2)
  A spark wasp (Spider:3)
  3 ettins
  A crystal guardian (Vaults:4)
  3 merfolk impalers
  4 fire dragons
  3 merfolk javelineers (Shoals:4)
  2 deep elf death magi (Vaults:4)
  A green death (WizLab)
  A jiangshi (Vaults:3)
  2 deep elf high priests (Depths:2)
  10 vault guards
  Harold (D:11)
  2 great orbs of eyes
  2 yaktaur captains
  The ghost of Duffy the Severer, a journeyman HOFi of Cheibriados (D:12)
  5 entropy weavers
  8 hydras
  4 ice dragons
  2 rakshasas
  3 hell beasts (WizLab)
  A ghost crab (shapeshifter) (Vaults:2)
  7 ogre magi
  8 merfolk aquamancers
  14 centaur warriors
  3 catoblepae
  3 dancing weapons
  4 merfolk avatars
  4 tengu warriors (Depths:2)
  2 alligator snapping turtles
  12 death yaks
  3 satyrs
  3 deep troll earth magi
  A vampire mage (Depths:1)
  Urug (Lair:3)
  5 deep elf knights
  3 spriggan berserkers (Depths:2)
  The ghost of nublet the Destroyer, a journeyman DECj of Vehumet (D:11)
  5 orc high priests
  4 soul eaters
  Sonja (Lair:3)
  4 hell knights (Vaults:2)
  A sun demon (Depths:1)
  A fire crab (Vaults:3)
  A shadow wraith (Vaults:2)
  5 skeletal warriors
  An unseen horror (D:14)
  9 sea snakes
  4 wizards
  A swamp dragon (shapeshifter) (D:15)
  11 hill giants
  A flayed ghost (Vaults:4)
  7 deep trolls
  An anubis guard (shapeshifter) (Vaults:2)
  A phantasmal warrior (Vaults:4)
  3 deep elf archers
  9 ironbrand convokers
  21 orc knights
  24 harpies
  19 orb spiders
  2 necromancers
  A lindwurm (Lair:8)
  17 deep elf magi
  15 manticores
  8 orc sorcerers (Orc:2)
  9 hornets
  11 elephants (Lair:7)
  19 ugly things
  13 griffons
  A moth of wrath (Spider:4)
  8 water nymphs
  40 wolf spiders
  3 oklob plants (Lair:7)
  8 sirens
  An ice statue (Depths:2)
  7 cyclopes
  8 rust devils
  7 black mambas
  2 gargoyles
  19 spiny frogs
  3 torpor snails
  An orange demon (WizLab)
  Joseph (Lair:1)
  13 vault sentinels
  A spiny frog (shapeshifter) (D:15)
  13 yaktaurs
  2 spark wasp simulacra (Depths:2)
  2 human zombies (Vaults:1)
  10 kobold demonologists
  19 demonic crawlers
  7 fire drakes
  2 guardian mummies (Vaults:3)
  16 komodo dragons
  A yaktaur (shapeshifter) (Vaults:1)
  6 ice devils
  2 efreet
  3 red devils
  8 trolls
  A tengu conjurer (Depths:2)
  6 freezing wraiths
  25 merfolk
  11 two-headed ogres
  3 polar bears (Lair:6)
  Grinder (D:3)
  43 jumping spiders
  3 wind drakes
  6 snapping turtles
  10 slime creatures
  38 blink frogs
  A stone giant simulacrum (Depths:2)
  A blink frog (shapeshifter) (D:14)
  An ettin zombie (Depths:1)
  2 boulder beetles
  Sigmund (D:3)
  129 redbacks
  3 deep troll skeletons (Depths:1)
  An ice dragon skeleton (Depths:1)
  A shadow (Depths:2)
  7 water elementals
  2 flying skulls (Depths:2)
  54 yaks
  6 wyverns
  An orc simulacrum (Vaults:3)
  49 tarantellas
  A vampire (D:14)
  2 ynoxinuls (WizLab)
  4 basilisks
  A human (D:12)
  3 wraiths
  7 vampire mosquitoes
  4 hogs (D:15)
  3 steam dragons
  2 hungry ghosts
  4 mottled dragons
  25 wolves
  10 hippogriffs
  11 wargs
  A naga (shapeshifter) (Depths:1)
  A hell hound (Depths:1)
  13 water moccasins
  A water moccasin (shapeshifter) (Vaults:4)
  20 porcupines
  4 swamp drakes
  9 ice beasts
  69 orc warriors
  A wasp (D:9)
  8 sky beasts
  2 black bears
  A necrophage (D:12)
  7 boggarts (D:15)
  An eye of draining (shapeshifter) (Vaults:2)
  An eye of draining (D:14)
  42 ogres
  22 centaurs
  24 crocodiles
  16 big kobolds
  24 giant frogs
  2 elf simulacra (Vaults:1)
  3 scorpions
  A wyvern skeleton (D:14)
  11 killer bees
  7 wights
  3 electric eels
  9 crimson imps
  2 centaur zombies (D:10)
  A quasit (D:13)
  8 hounds
  5 jellies
  12 orc priests
  3 iron imps (D:9)
  Jessica (D:3)
  3 centaur skeletons
  22 iguanas
  Ijyb (D:3)
  13 orc wizards
  21 worker ants
  2 killer bee zombies (D:11)
  56 sheep
  A hound zombie (D:8)
  3 hound skeletons
  2 worker ant zombies (D:11)
  Robin (D:2)
  9 gnolls
  15 adders
  83 river rats
  5 shadow imps
  An ooze (D:3)
  2 worms
  9 giant geckos
  92 orcs
  5 giant cockroaches
  13 goblins
  9 hobgoblins
  24 jackals
  30 kobolds
  5 quokkas
  2 ball pythons
  14 bats
  5 giant newts
  A jackal zombie (D:7)
  A quokka skeleton (D:8)
  17 rats
  2 fungi
  3 plants
  4 tentacles (Shoals:2)
1954 creatures vanquished.

Vanquished Creatures (collateral kills)
  An orb spider (Spider:3)
  A redback (Spider:3)
2 creatures vanquished.

Vanquished Creatures (others)
  Nikola (Spider:4)
  The ghost of Chiseanne the Merry Centaur, an adept CeAE of Okawaru (Shoals:4)
  The ghost of cireshan the Thaumaturge, a journeyman HECj of Sif Muna (Lair:4)
  The ghost of nublet the Arsonist, a journeyman CeFE of Ashenzari (Lair:4)
  A deep elf knight (Vaults:1)
  An orb spider (Spider:4)
  A griffon (Vaults:2)
  A rust devil (Depths:2)
  A tengu conjurer (Depths:2)
  A two-headed ogre (shapeshifter) (Vaults:2)
  3 redbacks
  3 humans (D:15)
  A boggart (D:15)
  A jelly (D:13)
  An orc wizard (D:6)
  39 fungi
  37 plants
  10 tentacles (Shoals:2)
  531 tentacle segments (Shoals:2)
636 creatures vanquished.

Grand Total: 2592 creatures vanquished

Notes
Turn   | Place    | Note
--------------------------------------------------------------
     0 | D:1      | Scytalen the Merfolk Gladiator began the quest for the Orb.
     0 | D:1      | Reached XP level 1. HP: 16/16 MP: 1/1
    72 | D:1      | Reached skill level 5 in Polearms
   164 | D:1      | Reached XP level 2. HP: 22/22 MP: 2/2
   444 | D:1      | Reached skill level 6 in Polearms
   444 | D:1      | Reached XP level 3. HP: 27/27 MP: 3/3
   808 | D:2      | Noticed Ijyb
  1409 | D:2      | Noticed Robin
  1417 | D:2      | Reached XP level 4. HP: 30/33 MP: 4/4
  1422 | D:2      | Reached skill level 7 in Polearms
  1435 | D:2      | Killed Robin
  1883 | D:2      | Learned a level 1 spell: Summon Small Mammal
  2055 | D:2      | Reached skill level 8 in Polearms
  2078 | D:2      | Reached XP level 5. HP: 34/38 MP: 5/5
  2079 | D:2      | Found an iron altar of Okawaru.
  2118 | D:2      | Became a worshipper of Warmaster Okawaru
  2139 | D:2      | Found a basalt altar of Yredelemnul.
  2141 | D:2      | Noticed a profane servitor
  2152 | D:2      | Found a glowing golden altar of the Shining One.
  2154 | D:2      | Noticed an angel
  2371 | D:3      | Found a faded altar to an unknown god.
  2445 | D:3      | Noticed Sigmund
  2960 | D:3      | Noticed Jessica
  3216 | D:3      | Killed Jessica
  3216 | D:3      | Reached skill level 9 in Polearms
  3387 | D:3      | Reached XP level 6. HP: 44/44 MP: 6/6
  3466 | D:3      | Killed Ijyb
  3528 | D:3      | Found a sacrificial altar of Ru.
  3707 | D:3      | Reached skill level 10 in Polearms
  3803 | D:3      | Found a shimmering altar of Xom.
  3919 | D:3      | Noticed Grinder
  3919 | D:3      | Paralysed by Grinder for 4 turns
  4156 | D:4      | Found a glowing silver altar of Zin.
  4156 | D:4      | Noticed an angel
  4157 | D:4      | Found a runed door.
  4432 | D:4      | Reached * piety under Okawaru
  4432 | D:4      | Reached skill level 11 in Polearms
  4432 | D:4      | Reached XP level 7. HP: 50/50 MP: 7/7
  5143 | D:4      | Reached skill level 12 in Polearms
  5207 | D:5      | Entered Level 5 of the Dungeon
  5552 | D:5      | Found an ancient bone altar of Kikubaaqudgha.
  5617 | D:5      | Found a blossoming altar of Fedhas.
  5738 | D:5      | Reached XP level 8. HP: 53/56 MP: 5/8
  5946 | D:3      | Found an oddly glowing altar of Pakellas.
  5947 | D:3      | Noticed a fire dragon
  6147 | D:3      | Paralysed by Grinder for 3 turns
  6161 | D:3      | Killed Grinder
  6161 | D:3      | Reached ** piety under Okawaru
  6161 | D:3      | Reached skill level 13 in Polearms
  6715 | D:3      | Killed Sigmund
  6715 | D:3      | Reached skill level 14 in Polearms
  6913 | D:6      | Found an opulent altar of Gozag.
  7092 | D:6      | Reached skill level 1 in Shields
  7273 | D:6      | Reached XP level 9. HP: 61/61 MP: 6/9
  7679 | D:6      | Reached skill level 5 in Dodging
  7701 | D:6      | Found a stormy altar of Qazlal.
  8528 | D:7      | Found a staircase to the Ecumenical Temple.
  8853 | D:7      | Gained mutation: You passively map a small area around you. [mutagenic meat]
  8854 | D:7      | Gained mutation: You are partially covered in yellow scales (AC +2). [mutagenic meat]
  9076 | D:8      | Reached *** piety under Okawaru
  9586 | D:8      | Reached skill level 10 in Dodging
  9609 | D:8      | Reached XP level 10. HP: 65/67 MP: 10/10
 10444 | D:9      | Found a radiant altar of Vehumet.
 10945 | D:9      | Reached skill level 5 in Fighting
 10952 | D:9      | Found a burning altar of Makhleb.
 11054 | D:9      | Found Uzubufo's Magic Scroll Shop.
 11068 | D:9      | Bought a scroll of identify for 20 gold pieces
 11068 | D:9      | Bought a scroll of identify for 20 gold pieces
 11068 | D:9      | Bought a scroll of identify for 20 gold pieces
 11068 | D:9      | Bought a scroll of identify for 20 gold pieces
 11068 | D:9      | Bought 3 scrolls of blinking for 225 gold pieces
 11068 | D:9      | Bought a scroll of immolation for 35 gold pieces
 11280 | D:10     | Entered Level 10 of the Dungeon
 11502 | D:10     | Noticed a hill giant
 11513 | D:10     | Killed a hill giant
 11513 | D:10     | Reached **** piety under Okawaru
 11544 | D:10     | Noticed a hill giant
 11561 | D:10     | Killed a hill giant
 11561 | D:10     | Reached XP level 11. HP: 84/84 MP: 11/11
 11566 | D:10     | Noticed a hill giant
 11592 | D:10     | Killed a hill giant
 11781 | D:10     | Reached ***** piety under Okawaru
 11797 | D:10     | Found a staircase to the Lair.
 11813 | D:10     | Got a shimmering robe
 11824 | D:10     | Identified the +1 robe "Mesof" {*Drain rElec rF+ rCorr} (You found it on level 10 of the Dungeon)
 12191 | D:11     | Noticed nublet's ghost (journeyman DECj)
 12559 | D:11     | Reached skill level 1 in Invocations
 12664 | D:11     | Noticed a six-headed hydra
 12729 | Lair:1   | Entered Level 1 of the Lair of Beasts
 13084 | Lair:1   | Noticed Joseph
 13108 | Lair:1   | Killed Joseph
 13366 | Lair:1   | Received a gift from Okawaru
 13366 | Lair:1   | Reached skill level 5 in Invocations
 13559 | Lair:1   | Received a gift from Okawaru
 14497 | Lair:2   | Received a gift from Okawaru
 14732 | Lair:2   | Reached XP level 12. HP: 71/91 MP: 18/18
 15171 | Lair:2   | Reached skill level 15 in Polearms
 15183 | Lair:2   | Noticed a four-headed hydra
 15193 | Lair:2   | Killed a four-headed hydra
 15466 | Lair:2   | Received a gift from Okawaru
 15859 | Lair:3   | Noticed a seven-headed hydra
 15868 | Lair:3   | Killed a seven-headed hydra
 16014 | Lair:3   | Reached skill level 15 in Dodging
 16300 | Lair:3   | Noticed Sonja
 16307 | Lair:3   | Killed Sonja
 16310 | Lair:3   | Found a hole to the Spider Nest.
 16420 | Lair:3   | Noticed a four-headed hydra
 16431 | Lair:3   | Killed a four-headed hydra
 16448 | Lair:3   | XOM: swap monsters
 16488 | Lair:3   | Reached skill level 16 in Polearms
 16509 | Lair:3   | Learned a level 6 spell: Deflect Missiles
 16664 | Lair:3   | Reached skill level 1 in Charms
 16828 | Lair:3   | Noticed Urug
 16863 | Lair:3   | Killed Urug
 17643 | Lair:4   | Noticed nublet's ghost (journeyman CeFE)
 17658 | Lair:4   | Killed nublet's ghost
 17677 | Lair:4   | Reached skill level 5 in Charms
 17744 | Lair:4   | Reached XP level 13. HP: 60/101 MP: 19/19
 17896 | Lair:4   | Noticed cireshan's ghost (journeyman HECj)
 18474 | Lair:4   | Reached skill level 1 in Air Magic
 18546 | Lair:4   | Killed cireshan's ghost
 18893 | Lair:4   | Received a gift from Okawaru
 20728 | Lair:5   | Found a staircase to the Shoals.
 20775 | Lair:5   | Received a gift from Okawaru
 21301 | Lair:6   | Identified a scroll of acquirement
 21412 | Lair:6   | Received a gift from Okawaru
 21843 | Lair:6   | Reached skill level 10 in Charms
 21843 | Lair:6   | Reached skill level 5 in Air Magic
 22474 | Lair:6   | Got a scorched fire dragon armour
 22924 | Lair:6   | Identified the +8 fire dragon armour of Supple Strength {rF++ rC- MP+9 Str-3 Slay+3} (You acquired it on level 6 of the Lair of Beasts)
 23200 | Lair:6   | Reached skill level 1 in Armour
 23200 | Lair:6   | Reached XP level 14. HP: 76/108 MP: 20/20
 24762 | Lair:7   | Reached skill level 5 in Armour
 24810 | Lair:6   | Received a gift from Okawaru
 26388 | Lair:7   | Found a staircase to the Slime Pits.
 27162 | Lair:8   | Entered Level 8 of the Lair of Beasts
 27165 | Lair:8   | Noticed Rupert
 27182 | Lair:8   | Killed Rupert
 27629 | Lair:8   | Reached XP level 15. HP: 110/113 MP: 21/21
 27941 | Lair:8   | Received a gift from Okawaru
 27944 | Lair:8   | Got a dazzling halberd {god gift}
 27951 | Lair:8   | Identified the +2 halberd of the Median {pain, MP+9} (Okawaru gifted it to you on level 8 of the Lair of Beasts)
 29445 | Lair:8   | Reached skill level 10 in Armour
 29657 | Lair:8   | Received a gift from Okawaru
 30680 | D:11     | Killed nublet's ghost
 30964 | D:11     | Noticed Harold
 30996 | D:11     | Killed Harold
 31013 | D:11     | Found a staircase to the Orcish Mines.
 31927 | D:12     | Noticed Duffy's ghost (journeyman HOFi)
 31952 | D:12     | Killed Duffy's ghost
 32156 | D:12     | Received a gift from Okawaru
 32452 | D:12     | Noticed Maud
 32480 | D:12     | Killed Maud
 32480 | D:12     | Reached skill level 17 in Polearms
 32776 | Orc:1    | Entered Level 1 of the Orcish Mines
 33269 | D:11     | Reached XP level 16. HP: 120/120 MP: 22/22
 33291 | D:11     | Received a gift from Okawaru
 33393 | Orc:1    | Reached skill level 18 in Polearms
 34345 | Orc:2    | Entered Level 2 of the Orcish Mines
 34473 | Orc:2    | Found Diokhana's Antique Armour Shoppe.
 34490 | Orc:2    | Found Gan Ebb's Jewellery Shoppe.
 34642 | Orc:2    | Reached skill level 19 in Polearms
 34956 | Orc:2    | Found Yrijig's General Store.
 35933 | Orc:2    | Reached skill level 20 in Polearms
 36065 | Orc:2    | Found a staircase to the Elven Halls.
 36345 | Orc:2    | Found Muxah's Antique Weapon Boutique.
 36476 | Orc:2    | Bought an uncursed amulet of regeneration for 480 gold pieces
 37194 | D:13     | Noticed a storm dragon
 37676 | D:13     | Killed a storm dragon
 37974 | D:14     | Received a gift from Okawaru
 37978 | D:14     | Got a bloodstained glaive {god gift}
 37980 | D:14     | Identified the +8 glaive "Miod" {pain, rC+ MR+ Dex+5} (Okawaru gifted it to you on level 14 of the Dungeon)
 38024 | D:14     | Found a gate to the Vaults.
 38142 | D:14     | Noticed Frances
 38158 | D:14     | Reached skill level 10 in Fighting
 38159 | D:14     | Killed Frances
 38240 | D:14     | Got a tattered robe
 38241 | D:14     | Identified the +1 robe "Cuigesagh" {rPois rN+ Regen+} (You found it on level 14 of the Dungeon)
 38657 | D:15     | Entered Level 15 of the Dungeon
 38846 | D:15     | Noticed Kirke
 38859 | D:15     | Killed Kirke
 39051 | D:15     | Reached XP level 17. HP: 112/128 MP: 23/23
 39250 | D:15     | Received a gift from Okawaru
 39711 | D:15     | Found a staircase to the Depths.
 40069 | Spider:1 | Entered Level 1 of the Spider Nest
 41735 | Spider:3 | Noticed Aizul
 41752 | Spider:2 | Killed Aizul
 42833 | Spider:3 | Noticed Agnes
 42853 | Spider:3 | Killed Agnes
 42883 | Spider:3 | Reached XP level 18. HP: 104/135 MP: 24/24
 43290 | Spider:3 | Noticed Arachne
 43299 | Spider:3 | Received a gift from Okawaru
 43319 | Spider:3 | Killed Arachne
 43319 | Spider:3 | Reached skill level 10 in Air Magic
 43371 | Spider:3 | Learned a level 2 spell: Blink
 43626 | Spider:3 | Reached skill level 1 in Translocations
 43743 | Spider:4 | Entered Level 4 of the Spider Nest
 43804 | Spider:4 | Noticed CipHuK's ghost (adept DrFi)
 43819 | Spider:4 | Killed CipHuK's ghost
 43846 | Spider:4 | Noticed Roxanne
 43889 | Spider:4 | Killed Roxanne
 43893 | Spider:4 | Identified Roxanne's Disquisition on Dusty Transmigration (You took it off Roxanne on level 4 of the Spider Nest)
 43965 | Spider:4 | Noticed Nikola
 43996 | Spider:4 | Killed Nikola
 43996 | Spider:4 | Reached skill level 5 in Translocations
 45252 | Spider:4 | Reached skill level 10 in Translocations
 45555 | Spider:4 | Got a gossamer rune of Zot
 45683 | Spider:4 | Received a gift from Okawaru
 46011 | Spider:4 | Reached XP level 19. HP: 70/140 MP: 25/25
 46412 | Shoals:1 | Entered Level 1 of the Shoals
 46788 | Shoals:1 | Upgraded the game from 0.18-a0-1035-g72c9994 to 0.18-a0-1041-gbe91bf5
 47480 | Shoals:2 | Noticed Louise
 47492 | Shoals:2 | Killed Louise
 48506 | Shoals:3 | Learned a level 4 spell: Passage of Golubria
 48976 | Shoals:3 | Noticed aspa's ghost (adept OpWz)
 48987 | Shoals:3 | Killed aspa's ghost
 48987 | Shoals:3 | Received a gift from Okawaru
 49058 | Shoals:4 | Entered Level 4 of the Shoals
 49058 | Shoals:4 | Noticed Chiseanne's ghost (adept CeAE)
 49146 | Shoals:4 | Killed Chiseanne's ghost
 49356 | Shoals:4 | Found Xurr's Magic Scroll Boutique.
 49588 | Shoals:4 | Noticed Ilsuiw
 49645 | Shoals:4 | Killed Ilsuiw
 50051 | Shoals:4 | Received a gift from Okawaru
 50053 | Shoals:4 | Got a transparent halberd {god gift}
 50054 | Shoals:4 | Identified the +4 halberd "Arcanum" {chop, MP+9 Str+2 Dex+3} (Okawaru gifted it to you on level 4 of the Shoals)
 50852 | Shoals:4 | Reached skill level 15 in Charms
 50955 | Shoals:4 | Got a slimy glaive {chop}
 50963 | Shoals:4 | Identified the +10 glaive of Trog's Castigation {chop, Str+3} (You took it off a merfolk on level 4 of the Shoals)
 50981 | Shoals:4 | Got a barnacled rune of Zot
 51397 | Vaults:1 | Entered Level 1 of the Vaults
 51416 | Vaults:1 | Reached XP level 20. HP: 134/150 MP: 26/26
 51760 | Vaults:1 | Found a magical portal.
 51805 | WizLab   | Entered The Hall of Vyebietipn the Hellbinder
 52082 | WizLab   | Gained mutation: You expend magic power (3 MP) to strengthen your wands. [a cacodemon]
 52449 | WizLab   | Noticed Vyebietipn
 52473 | WizLab   | Killed Vyebietipn the Hellbinder
 52476 | WizLab   | Found a burning altar of Makhleb.
 52491 | WizLab   | Identified the Almanac of the Pink Corner
 52503 | WizLab   | Identified the Almanac of Unstable Creation
 53602 | Vaults:1 | Received a gift from Okawaru
 54339 | Vaults:2 | Identified the Volume of Conjuration and Ice
 54573 | Vaults:2 | Received a gift from Okawaru
 55318 | Vaults:2 | Reached XP level 21. HP: 156/156 MP: 27/27
 55331 | Vaults:2 | Noticed Margery
 55354 | Vaults:2 | Killed Margery
 55354 | Vaults:2 | Received a gift from Okawaru
 56022 | Vaults:3 | Noticed Jorgrun
 56035 | Vaults:3 | Killed Jorgrun
 56287 | Vaults:3 | Found a staircase to the Crypt.
 56846 | Vaults:3 | Received a gift from Okawaru
 57053 | Vaults:3 | Found a portal to a secret trove of treasure.
 57111 | Vaults:3 | Noticed Frederick
 57121 | Vaults:3 | Killed Frederick
 57718 | Vaults:3 | You paid a toll of a +4 fire dragon armour to enter a treasure trove
 57719 | Trove    | Entered a treasure trove
 57767 | Trove    | Learned a level 6 spell: Haste
 57790 | Trove    | Identified Xuusm's Incunabulum of Enchantment and Changing
 57800 | Trove    | Identified the Guide on the Harmful Blaze
 57804 | Trove    | Identified Sif Muna's Guide on Destructive Flight
 59511 | Vaults:4 | Reached skill level 21 in Polearms
 59838 | Vaults:4 | Found a roughly hewn altar of Beogh.
 59925 | Vaults:4 | Received a gift from Okawaru
 59977 | Vaults:4 | Identified a +2 pair of boots of running (Okawaru gifted it to you on level 4 of the Vaults)
 60218 | Vaults:4 | Paralysed by a hornet for 4 turns
 60363 | Vaults:4 | Reached XP level 22. HP: 146/163 MP: 28/28
 60533 | Vaults:4 | Reached skill level 22 in Polearms
 61113 | Depths:1 | Entered Level 1 of the Depths
 61123 | Depths:1 | Found a gateway to Hell.
 61833 | Depths:1 | Found a gateway to a ziggurat.
 62061 | Depths:1 | Found Ritautha's Book Shoppe.
 62304 | Depths:1 | Found a one-way gate to the infinite horrors of the Abyss.
 62511 | Depths:2 | Reached skill level 23 in Polearms
 63539 | Depths:2 | Found a glowing golden altar of the Shining One.
 63541 | Depths:2 | Found a one-way gate leading to the halls of Pandemonium.
 63757 | Depths:2 | Received a gift from Okawaru
 63760 | Depths:2 | Noticed a caustic shrike
 63760 | Depths:2 | Noticed a caustic shrike
 63762 | Depths:2 | Noticed a caustic shrike
 63762 | Depths:2 | Noticed a caustic shrike
 63762 | Depths:2 | Noticed a caustic shrike
 63762 | Depths:2 | Noticed a juggernaut
 63770 | Depths:2 | Noticed a golden dragon
 63813 | Depths:2 | Found a deep blue altar of Sif Muna.
 64344 | Depths:2 | Mangled by a juggernaut

Vault maps used:
D:1:      minmay_arrival_split_and_join, minmay_rat_gold_closets
D:2:      okawaru_altar_gauntlet_db, grunt_temple_overflow_holy_war,
          serial_bayou_ford_a, uniq_iyjb, uniq_robin
D:3:      gammafunk_pakellas_cloud_experiment,
          nicolae_ru_great_annihilating_truth, lemuel_coloured_pillars_altar,
          first_bread, ecumenical_altar_1, uniq_jessica, uniq_sigmund,
          uniq_grinder
D:4:      lemuel_angel_altar
D:5:      fedhas_altar_1, lemuel_doored_altar
D:6:      lemuel_crystal_altar, kennysheep_mini_moat, moated_statue
D:7:      temple_fountains
D:9:      vehumet_altar_wand_db, demons_altar, serial_shops,
          nicolae_shop_window_shopping
D:10:     dpeg_lair_monsters
D:11:     kennysheep_orc_monster_closet_entryway, uniq_harold
D:12:     grunt_livestock, uniq_maud
D:13:     wad_scary_box
D:14:     erik_vaults_1, uniq_frances
D:15:     gammafunk_enter_depths_forms, grunt_decor_one_mirror, uniq_kirke
Lair:1:   beast_lair_carwin_7, uniq_joseph
Lair:3:   dummy_spider_entry, grunt_megastairs_5, serial_bayou_shore_a,
          uniq_urug, uniq_sonja
Lair:5:   elwin_shoals_entry_rooms, guppyfry_lair_drakes, lemuel_fruit_fields
Lair:6:   beast_lair_carwin_9, infiniplex_staircase_pool_2, grunt_megastairs_4
Lair:7:   minmay_slime_entry_oklob_enclosed, serial_bayou,
          serial_bayou_lagoon_b, serial_bayou_pond_a, serial_bayou_crossing,
          serial_bayou_pond_d, serial_bayou_pond_c
Lair:8:   guppyfry_lair_end_dragon, hangedman_lair_in_review, uniq_rupert
Shoals:2: cheibrodos_shoals_roost, uniq_louise
Shoals:4: shoals_end_simple, shoals_ilsuiw_ice, serial_shops, shop
Spider:1: spiders_nest_spider_trap
Spider:3: uniq_arachne, uniq_agnes, uniq_aizul
Spider:4: grunt_spider_rune_circles, uniq_roxanne, uniq_nikola
Orc:1:    elves_outpost_lemuel
Orc:2:    grunt_orc_gardens, grunt_orc_garden, grunt_orc_garden,
          grunt_orc_garden, grunt_orc_garden, nicolae_orc_crystal_geode
Vaults:1: ontoclasm_vaults_gallery, v_misc_4, nicolae_vaults_asterisk,
          nicolae_vaults_sealed_display, hangedman_vaults_slice,
          grunt_vaults_funnel, nicolae_vaults_little_squares_3,
          vaults_room_grunt_arrival_ludios, vaults_room_pool,
          hangedman_vaults_locks, infiniplex_enter_wizlab_glasses
Vaults:2: v_misc_15, nicolae_vaults_diagonal_hallway_9, ontoclasm_vaults_bender,
          nicolae_vaults_diagonal_hallway_7, v_pattern_4,
          vaults_mumra_minichess, nicolae_vaults_windows_and_doors_thing,
          nicolae_vaults_circle_grid_a, vaults_room_hangedman_quadrants,
          nicolae_vaults_alarming, uniq_margery
Vaults:3: v_misc_22, nicolae_vaults_puzzle_piece, v_pattern_2,
          minmay_crypt_entry_simple_corners, st_lattice,
          ontoclasm_vaults_ligature, vaults_room_fours, dpeg_vaults_monster_box,
          hangedman_vaults_pinch, vaults_room_door_ring,
          nicolae_vaults_circle_grid_a, v_misc_33, nicolae_vaults_asterisk,
          ontoclasm_vaults_twist, nicolae_trove_entry_path_of_doom,
          uniq_frederick, uniq_jorgrun
Vaults:4: vaults_dpeg_spiral, v_misc_19, v_alt_pattern_4, v_misc_9,
          vaults_room_hallway, vaults_room_corners, special_room_vaults,
          vaults_mumra_lcd
Depths:1: enter_ziggurat_f, hell_entry, marbit_kobold_abyss_entry, serial_shops,
          shop_fountains, spider_trap, lemuel_flamethrower_3
Depths:2: grunt_profane_halls, pan_entry, serial_shops, hell_entry
Trove:    trove_library
WizLab:   wizlab_demon

Action                   |  1- 3 |  4- 6 |  7- 9 | 10-12 | 13-15 | 16-18 | 19-21 | 22-24 || total
-------------------------+-------+-------+-------+-------+-------+-------+-------+-------++-------
Melee: Trident           |   139 |   288 |   529 |  1281 |  2653 |       |       |       ||  4890
       Glaive            |       |       |       |       |   297 |  2413 |  2348 |   135 ||  5193
       Bardiche          |       |       |       |       |       |       |   224 |   394 ||   618
 Fire: Hunting sling     |     3 |     3 |     1 |       |       |       |       |       ||     7
       Blowgun           |       |       |       |       |       |       |     3 |       ||     3
Throw: Stone             |    12 |    69 |    59 |    35 |       |       |     5 |       ||   180
       Tomahawk          |       |     4 |     3 |    64 |     8 |     7 |       |       ||    86
       Throwing net      |       |     1 |     2 |       |       |     3 |     2 |       ||     8
       Javelin           |       |       |       |    17 |   294 |   333 |    44 |    50 ||   738
 Cast: Summon Small Mamm |       |     4 |     1 |       |       |       |       |       ||     5
       Deflect Missiles  |       |       |       |       |       |       |     1 |       ||     1
Invok: Heroism           |       |       |    13 |    22 |    24 |    24 |    27 |     7 ||   117
       Finesse           |       |       |       |     2 |     3 |     7 |     7 |     4 ||    23
 Abil: Stop Flying       |       |       |       |       |       |     1 |       |       ||     1
Evoke: Wand              |       |       |       |     4 |     1 |     5 |     1 |     3 ||    14
       Piece from Xom's  |       |       |       |     1 |       |       |       |       ||     1
  Use: Scroll            |     5 |       |     8 |    12 |    12 |    13 |    18 |     8 ||    76
       Potion            |       |       |     2 |       |     5 |     9 |       |     4 ||    20
 Stab: Sleeping          |     4 |     2 |     4 |     9 |     2 |       |     1 |       ||    22
       Distracted        |       |     1 |     1 |     1 |     1 |       |       |     1 ||     5
       Held in net/web   |       |     2 |     3 |       |       |     4 |       |       ||     9
       Confused          |       |       |       |       |       |     1 |       |       ||     1
  Eat: Chunk             |     1 |    11 |    17 |    29 |    52 |    40 |    39 |    11 ||   200
       Beef jerky        |       |       |     1 |       |     2 |       |       |       ||     3
       Meat ration       |       |       |       |       |       |     1 |     1 |       ||     2
       Bread ration      |       |       |       |       |       |       |     1 |     1 ||     2
       Royal jelly       |       |       |       |       |       |       |     1 |       ||     1
